 Dungeon Crawl Stone Soup version 0.17.1-3-g152610e (webtiles) character file.

195 manyhoops the Slasher (level 5, 0/41 HPs)
             Began as a Demonspawn Gladiator on Apr 27, 2016.
             Killed by nerve-wracking pain
             ... invoked by Grinder
              (8 damage)
             ... on level 3 of the Dungeon.
             The game lasted 00:03:29 (2308 turns).

manyhoops the Slasher (Demonspawn Gladiator)        Turns: 2308, Time: 00:03:29

Health: 0/41       AC:  4    Str: 17    XL:     5   Next: 45%
Magic:  5/5        EV: 12    Int:  9    God:
Gold:   116        SH:  0    Dex: 13    Spells: 0 memorised, 4 levels left

rFire  + . .     SeeInvis .     a - +0 long sword
rCold  x . .     Clarity  .     b - +0 leather armour
rNeg   . . .     SustAt   .     (no shield)
rPois  .         Gourm    .     c - +0 helmet
rElec  .         Spirit   .     (no cloak)
rCorr  .         Warding  .     (no gloves)
rMut   .         Stasis   .     (no boots)
MR     .....                    (no amulet)
Stlth  +.........               (no ring)
                                m - ring of fire

@: not resistant to hostile enchantments, very unstealthy
A: powered by death 1, powered by pain 2
a: no special abilities


You were on level 3 of the Dungeon.
You were not hungry.

You visited 1 branch of the dungeon, and saw 3 of its levels.

You collected 116 gold pieces.

Inventory:

Hand Weapons
 a - a +0 long sword (weapon)
Missiles
 d - 6 throwing nets (quivered)
Armour
 b - a +0 leather armour (worn)
 c - a +0 helmet (worn)
Jewellery
 m - a ring of fire (left hand)
Scrolls
 h - a scroll of enchant armour {unknown}
 j - a scroll of noise {unknown}
 l - a scroll of amnesia {unknown}
 o - a scroll of enchant weapon {unknown}
 q - a scroll of immolation {unknown}
 t - a scroll of remove curse {unknown}
 v - a scroll of magic mapping {unknown}
Potions
 f - a potion of flight {unknown}
 g - 3 potions of haste {unknown}
 i - a potion of curing
 k - a potion of invisibility {unknown}
 n - 2 potions of agility
 r - 3 potions of magic
 s - 2 potions of cure mutation
Comestibles
 e - 2 bread rations
 p - 2 beef jerkies
 u - a slice of pizza
 w - a chunk of flesh


   Skills:
 + Level 3.4 Fighting
 + Level 4.1 Long Blades
 - Level 1.7 Throwing
 + Level 2.5 Armour
 - Level 2.6 Dodging


You had 4 spell levels left.
You didn't know any spells.

Dungeon Overview and Level Annotations

Branches:
Dungeon (3/15)

Altars:

Annotations:
D:3 Grinder


Innate Abilities, Weirdness & Mutations

You regenerate a little health from kills.
You sometimes gain power by taking damage.


Message History

Grinder gestures at you.
You shrug off the repeated paralysis!
You hit Grinder but do no damage.
Grinder is lightly wounded.
Grinder hits you but does no damage.
You closely miss Grinder.
Grinder is lightly wounded.
Grinder hits you.
You writhe in agony.
Grinder gestures at you. Pain shoots through your body!
* * * LOW HITPOINT WARNING * * *
You are too injured to fight recklessly!
You are too injured to fight recklessly!
You are too injured to fight recklessly!
You are too injured to fight recklessly!
You are too injured to fight recklessly!
You are too injured to fight recklessly!
Grinder gestures at you. Pain shoots through your body!
You die...

#. ##.. ... #... ....
##..# #...##...####
##....)......#
.............# #
#...........## #
##...##>.@.#..###.# #...
#....##..#.5............##
#........####...........#
#........# #...........##
.#####)## #..........# #
#.# #..........# # #.#
#....5..)..### #(#
#..>.......... #.#
#..........#..


You could see Grinder.

Vanquished Creatures
  A giant frog skeleton (D:3)
  6 gnolls
  4 adders
  A worm (D:2)
  2 giant geckos (D:1)
  2 giant cockroaches (D:1)
  7 goblins
  10 hobgoblins
  9 jackals
  3 quokkas
  2 ball pythons
  7 bats
  A giant newt (D:2)
  10 kobolds
  3 rats
68 creatures vanquished.

Notes
Turn   | Place    | Note
--------------------------------------------------------------
     0 | D:1      | manyhoops the Demonspawn Gladiator began the quest for the Orb.
     0 | D:1      | Reached XP level 1. HP: 16/16 MP: 1/1
    26 | D:1      | Reached skill level 3 in Long Blades
   312 | D:1      | Gained mutation: You sometimes gain a little power by taking damage. [demonic ancestry]
   312 | D:1      | Reached XP level 2. HP: 22/22 MP: 2/2
   671 | D:1      | Reached XP level 3. HP: 24/28 MP: 3/3
   773 | D:2      | Reached skill level 1 in Armour
  1218 | D:2      | Gained mutation: You sometimes gain power by taking damage. [demonic ancestry]
  1218 | D:2      | Reached XP level 4. HP: 34/34 MP: 4/4
  1983 | D:3      | Gained mutation: You regenerate a little health from kills. [demonic ancestry]
  1983 | D:3      | Reached XP level 5. HP: 33/41 MP: 5/5
  2017 | D:3      | Reached skill level 4 in Long Blades
  2101 | D:3      | Noticed Grinder
  2120 | D:3      | Paralysed by Grinder for 4 turns
  2301 | D:3      | Paralysed by Grinder for 2 turns
  2308 | D:3      | Killed from afar by Grinder

Action                   |  1- 3 |  4- 6 || total
-------------------------+-------+-------++-------
Melee: Long sword        |   114 |   126 ||   240
  Use: Scroll            |       |     4 ||     4
  Eat: Chunk             |     1 |     4 ||     5
